Map: Lerilak Crest

Players

LilDicky

  • Race: Terran Terran
  • League: Diamond

Watermelon - Winner!

  • Race: Zerg Zerg

VOD

http://www.twitch.tv/tumescentpie

Description

Time

  • Played on: Nov. 24, 2015, 12:17 p.m.
  • Length: 13:46
Show
View Real Time Build Order
Export as new Build Order

LilDicky Terran 

Build Orders: Reaper Expand, MMM Bio 

Get SALT Encoding   

  12  0:01  SCV  
  13  0:13  SCV  
  14  0:17  Supply Depot  
  14  0:27  SCV  
  15  0:37  Refinery  
  15  0:39  SCV  
  16  0:46  Barracks  
  16  0:51  SCV  
  17  1:04  SCV  
  18  1:16  SCV  
  19  1:32  Orbital Command  
  19  1:35  Reaper  
  20  1:47  Command Center  
  20  2:03  Refinery  
  20  2:05  SCV  
  20  2:07  Reaper  
  22  2:15  Supply Depot  
  22  2:20  SCV  
  23  2:43  SCV  
  24  2:55  SCV  
  24  2:57  Barracks Reactor  
  25  2:59  Factory  
  25  3:00  Orbital Command  
  25  3:08  SCV  
  26  3:12  Supply Depot  
  26  3:20  SCV  
  27  3:29  SCV  
  27  3:32  SCV  
  29  3:37  Barracks  
  29  3:39  Supply Depot, Barracks  
  29  3:46  Starport  
  29  3:47  SCV, Barracks Reactor  
  30  3:49  Hellion  
  30  3:50  Hellion  
  30  3:53  SCV  
  35  3:59  SCV  
  27  4:34  Barracks Tech Lab x2  
  27  4:35  Marine  
  27  4:36  Marine  
  27  4:37  Hellion x2  
  33  4:45  SCV x2  
  35  4:53  Combat Shields, Stimpack  
  35  4:54  Marine x2  
  35  4:57  SCV x2  
  41  5:01  Liberator  
  41  5:02  Refinery  
  41  5:10  Refinery  
  42  5:21  Marine x2  
  42  5:22  Marine  
  45  5:39  Marine x3  
  47  5:57  Marine x3  
  47  5:58  SCV x2  
  52  6:08  Supply Depot  
  52  6:09  Supply Depot, Widow Mine  
  54  6:12  Liberator  
  54  6:19  Barracks Reactor  
  54  6:29  SCV, Widow Mine, Marine x2  
  54  6:30  SCV  
  54  6:31  Supply Depot  
  61  6:38  Widow Mine  
  63  6:45  Liberator  
  63  6:46  Marine  
  63  6:47  Marine  
  65  7:04  Marine  
  65  7:05  Marine  
  70  7:09  Marine x2  
  70  7:14  SCV x2  
  76  7:23  Marauder x2  
  76  7:28  Marine x2  
  62  7:44  Marauder  
  62  7:45  Marine  
  62  7:46  SCV, Marine x2  
  62  7:52  Concussive Shells  
  62  7:55  Command Center, Medivac  
  62  7:56  Widow Mine x2, Medivac  
  62  7:58  SCV  
  71  7:59  SCV  
  71  8:03  Marauder  
  71  8:04  Marine x2  
  76  8:06  Supply Depot  
  76  8:11  Marine  
  76  8:12  Supply Depot  
  77  8:22  Marine  
  77  8:26  Marine x2  
  78  8:28  SCV  
  78  8:29  Marine  
  80  8:36  Supply Depot  
  80  8:40  Marine  
  81  8:44  Marine x2  
  81  8:48  Marauder  
  85  8:52  SCV  
  85  8:54  Widow Mine  
  85  8:55  Widow Mine  
  88  8:58  Marine  
  88  9:01  Marine x2  
  93  9:09  Marauder  
  92  9:15  Marine  
  93  9:19  Marine  
  93  9:20  Marauder  
  89  9:30  Marauder  
  80  9:33  Marine  
  80  9:37  Marine  
  82  9:41  Marauder  
  75  9:51  Marine  
  75  9:52  Marauder  
  78  9:55  Marine  
  79  10:03  Marauder  
  79  10:04  Supply Depot  
  81  10:09  Barracks, Marine  
  81  10:10  Barracks  
  81  10:11  Supply Depot  
  81  10:13  Marauder, Marine  
  85  10:24  Marauder  
  85  10:27  Marine  
  88  10:30  Marine  
  88  10:34  Marine  
  90  10:44  Marine  
  90  10:45  Marauder  
  90  10:48  Engineering Bay, Marine  
  90  10:49  Engineering Bay  
  94  10:50  Supply Depot  
  94  10:52  Marine  
  87  11:02  Marine  
  79  11:07  Marine x2  
  79  11:08  Marauder  
  79  11:10  Marauder  
  79  11:11  Marine  
  86  11:20  Marine  
  86  11:21  Medivac  
  86  11:25  Marine x2  
  89  11:29  Marine  
  89  11:30  Marauder  
  89  11:31  Marauder  
  89  11:32  Planetary Fortress  
  96  11:38  Marine  
  97  11:40  Widow Mine x2  
  97  11:42  Terran Infantry Weapons Level 1  
  97  11:43  Terran Infantry Armor Level 1, Marine x2  
  101  12:01  Marine x2  
  102  12:02  Marauder  
  105  12:19  SCV x2  
  107  12:26  Marine x3  
  107  12:27  Marine  
  107  12:28  Marine x2  
  109  12:31  SCV x2  
  86  12:56  Starport  
Show
View Real Time Build Order
Export as new Build Order

Watermelon Zerg - Winner!

Build Orders: Hatch First 

Get SALT Encoding   

  12  0:01  Drone  
  13  0:10  Drone  
  14  0:23  Overlord  
  14  0:42  Drone x3  
  17  0:57  Hatchery  
  16  1:09  Spawning Pool  
  15  1:12  Extractor  
  15  1:16  Drone  
  15  1:17  Drone  
  16  1:24  Drone  
  17  1:31  Drone  
  18  1:54  Overlord  
  18  1:57  Queen  
  18  1:59  Zergling x2  
  21  2:05  Drone  
  22  2:17  Metabolic Boost  
  22  2:18  Queen  
  24  2:23  Drone x2  
  24  2:24  Drone x2  
  28  2:38  Queen  
  29  3:05  Zergling x10  
  33  3:08  Overlord  
  33  3:09  Overlord  
  33  3:10  Drone x2  
  36  3:36  Drone x3  
  36  3:37  Drone x4  
  43  3:44  Overlord  
  43  3:48  Drone x4  
  47  4:14  Drone  
  47  4:15  Drone x7  
  47  4:16  Drone  
  51  4:31  Roach Warren  
  51  4:32  Extractor  
  51  4:35  Extractor  
  48  4:38  Spine Crawler, Queen  
  48  4:39  Spine Crawler, Queen  
  48  4:40  Overlord x2  
  50  4:46  Zergling x2  
  50  4:47  Zergling x12  
  50  4:48  Zergling x2  
  58  5:04  Extractor  
  57  5:21  Roach x3  
  59  5:22  Roach x6  
  75  5:31  Overlord  
  75  5:32  Overlord x2  
  75  5:37  Evolution Chamber  
  75  5:38  Evolution Chamber  
  72  5:58  Overlord  
  72  6:10  Zerg Missile Weapons Level 1, Zerg Ground Armor Level 1  
  72  6:11  Drone x5  
  73  6:12  Drone x5  
  82  6:24  Overlord x2  
  82  6:26  Hatchery  
  82  6:28  Hatchery  
  82  6:31  Overlord  
  73  6:51  Lair  
  73  6:53  Roach x5  
  73  6:54  Roach x2  
  84  7:20  Roach x2  
  84  7:21  Roach x4  
  95  7:23  Ravager  
  95  7:25  Ravager x2  
  95  7:27  Ravager  
  91  7:54  Overlord  
  91  7:58  Glial Reconstitution  
  91  8:02  Roach  
  91  8:03  Roach x8  
  109  8:05  Overseer  
  109  8:14  Drone  
  109  8:15  Drone  
  109  8:16  Queen  
  109  8:19  Drone x3  
  116  8:22  Zerg Ground Armor Level 2, Zerg Missile Weapons Level 2  
  116  8:24  Hatchery  
  115  8:36  Queen  
  115  8:40  Drone  
  115  8:41  Drone x6  
  124  8:43  Drone  
  125  8:52  Ravager x4  
  126  9:15  Roach x2  
  130  9:17  Overlord  
  130  9:18  Overlord  
  120  9:32  Roach  
  120  9:33  Roach x4  
  126  10:00  Drone x4  
  126  10:01  Drone x5  
  126  10:04  Extractor  
  126  10:05  Extractor  
  133  10:13  Spore Crawler  
  132  10:15  Roach x3  
  132  10:19  Hydralisk Den  
  137  10:29  Roach x3  
  143  10:40  Spine Crawler  
  143  10:41  Spine Crawler x2  
  142  10:43  Roach x3  
  142  10:45  Overlord x3  
  142  10:48  Muscular Augments  
  146  11:07  Hydralisk  
  146  11:08  Hydralisk x8  
  146  11:10  Queen  
  166  11:18  Spine Crawler  
  166  11:24  Overlord x2  
  166  11:25  Overlord  
  165  11:33  Overlord  
  165  11:35  Roach  
  167  11:43  Hydralisk x6  
  167  11:44  Hydralisk  
  181  11:56  Hydralisk  
  181  11:57  Hydralisk x5  
  193  12:02  Infestation Pit  
  193  12:05  Spine Crawler  
  191  12:18  Hydralisk  
  191  12:19  Hydralisk x3  
  199  12:26  Hatchery  
  166  13:03  Hydralisk  
  166  13:04  Hydralisk x4  
  166  13:05  Hydralisk x3, Roach x3  
  180  13:06  Roach x2  
Tags
 
Add a new tag
Caveats
  • Supply blocks, unpowered buildings, or Contaminate may cause inaccurate times.
  • Supply counts are checked every 10 seconds.